 Dungeon Crawl Stone Soup version bcrawl-1.27.8b (webtiles) character file.

Game seed: 1541181991213456861

350709 LostNumber the Cleaver (level 10, -2/83 HPs)
             Began as a Demonspawn Archaeologist on Nov 5, 2020.
             Was a Follower of Nemelex Xobeh.
             Slain by a two-headed ogre
             ... wielding a +0 giant club
              (18 damage)
             ... on level 9 of the Dungeon.
             The game lasted 00:15:02 (8497 turns).

LostNumber the Cleaver (Demonspawn Archaeologist)   Turns: 8497, Time: 00:15:03

Health: -2/83      AC: 13    Str: 15    XL:     10   Next: 79%
Magic:  14/14      EV: 11    Int: 19    God:    Nemelex Xobeh [*.....]
Gold:   469        SH:  0    Dex: 11    Spells: 9/9 levels left

rFire    + . .     SeeInvis .   f - +9 broad axe of the Witching Bear {drain, rElec Int+3}
rCold    + . .     Gourm    .   (no shield)
rNeg     . . .     Faith    .   J - +2 ring mail {rF+}
rPois    .         Spirit   .   H - +2 hat
rElec    +         Reflect  .   G - scarf {repulsion}
rCorr    .         Harm     .   (no gloves)
MR       .....                  d - +1 pair of boots
Stlth    +.........             (no amulet)
HPRegen  0.23/turn              (no ring)
MPRegen  0.14/turn              (no ring)

@: repel missiles
A: antennae 2, molten scales 1, cold resistance 1, foul stench 1, mutation
resistance 1, wild magic 1, rot immunity
a: Draw Escape, Draw Destruction, Draw Summoning, Renounce Religion


You were on level 9 of the Dungeon.
You worshipped Nemelex Xobeh.
Nemelex Xobeh was aware of your devotion.
You were not hungry.

You visited 2 branches of the dungeon, and saw 10 of its levels.
You also visited: Sewer.

You collected 469 gold pieces.

Inventory:

Hand Weapons
 a - a +0 whip
 f - the +9 broad axe of the Witching Bear (weapon) {drain, rElec Int+3}
   (You acquired it on level 3 of the Dungeon)

   A truly terrible weapon, it drains the life of those it strikes.
   It affects your intelligence (+3).
   It insulates you from electricity.
 k - a +0 hand axe
   (You found it on level 1 of the Dungeon)
 o - a +0 hunting sling
   (You found it on level 2 of the Dungeon)
 N - a cursed -1 hand axe
   (You found it on level 3 of the Dungeon)
 P - a +4 scimitar of flaming
   (You took it off a yaktaur on level 8 of the Dungeon)
Missiles
 q - 630 sling bullets
 Q - 2 throwing nets {=f!f}
Armour
 b - a +1 robe
 d - a +1 pair of boots (worn)
 h - a +0 ring mail
   (You found it on level 1 of the Dungeon)
 G - a scarf of repulsion (worn)
   (You found it on level 7 of the Dungeon)
 H - a +2 hat (worn)
 J - a +2 ring mail of fire resistance (worn)
   (You took it off Joseph on level 7 of the Dungeon)
Jewellery
 l - an uncursed amulet of rage {unknown}
   (You found it on level 2 of the Dungeon)
 r - an uncursed ring of magical power {unknown}
   (You found it on level 2 of the Dungeon)
 B - a +2 ring of dexterity {unknown}
   (You found it on level 6 of the Dungeon)
Wands
 c - a wand of disintegration (19)
   (You found it on level 7 of the Dungeon)
 t - a wand of flame (12)
   (You found it on level 8 of the Dungeon)
 u - a wand of paralysis (7)
   (You took it off Joseph on level 7 of the Dungeon)
 x - a wand of acid (4)
   (You found it on level 7 of the Dungeon)
 I - a wand of polymorph (14)
   (You found it on level 6 of the Dungeon)
Scrolls
 g - 4 scrolls of magic mapping
 n - a scroll of enchant armour
 p - 3 scrolls of identify {@r1}
 s - 5 scrolls of remove curse {@r2}
 w - 6 scrolls of teleportation {@r4}
 y - 2 scrolls of fear
 D - a scroll of amnesia {unknown}
 K - 4 scrolls of fog {unknown}
 M - a scroll of enchant weapon {unknown}
Potions
 i - 7 potions of brilliance
 j - 6 potions of heal wounds {unknown}
 m - 5 potions of curing {@q1}
 v - 3 potions of lignification {unknown}
 z - 2 potions of magic {unknown}
 A - 2 potions of haste {unknown}
 C - 2 potions of might {unknown}
 E - a potion of agility {unknown}
 F - a potion of flight {unknown}
 L - a potion of degeneration {unknown}
Comestibles
 e - 17 rations {!d!d}
 O - 6 chunks of flesh


   Skills:
 + Level 9.0 Fighting
 * Level 11.3 Axes
 - Level 1.2(7.3) Maces & Flails
 - Level 3.0 Slings
 - Level 3.4 Dodging
 - Level 3.0 Stealth
 + Level 5.6 Invocations


You had 9 spell levels left.
You didn't know any spells.
Your spell library contained the following spells:

 Spells                   Type           Power        Failure   Level  Hunger
 Apportation              Tloc           #.....       47%         1    None
 Flame Tongue             Conj/Fire      #....        47%         1    None
 Infusion                 Chrm           #.......     47%         1    None
 Sandblast                Erth           #.....       47%         1    None
 Slow                     Hex            #.......     47%         1    None
 Summon Butterflies       Summ           #.......     47%         1    None
 Flaming Arrows           Chrm/Fire      #.......     61%         2    ####...
 Conjure Flame            Conj/Fire      #.......     83%         3    #####..
 Inner Flame              Hex/Fire       N/A          83%         3    #####..
 Sticky Flame             Conj/Fire      #.......     99%         4    ######.
 Fireball                 Conj/Fire      #.........   100%        5    #######


Dungeon Overview and Level Annotations

Branches:
Dungeon (9/12)             Temple (1/1) D:7
   Lair: D:7-9          Orc: D:8-11

Altars:
Ashenzari
Cheibriados
Dithmenos
Elyvilon
Fedhas
Gozag
Hepliaklqana
Kikubaaqudgha
Lugonu
Makhleb
Nemelex Xobeh
Ru
Sif Muna
Uskayaw
Vehumet
Wu Jian
Xom
Yredelemnul
Zin
The Shining One

Shops:
D:6 [


Innate Abilities, Weirdness & Mutations

You have a pair of antennae on your head.
You are partially covered in molten scales. (AC +2)
Your flesh is cold resistant. (rC+)
You may emit foul miasma when damaged in melee.
You are immune to rotting.
You are somewhat resistant to further mutation.
Your spells are a little harder to cast, but a little more powerful.


Message History

The killer bee closely misses you.
The killer bee stings you but does no damage.
The killer bee looks sick.
The killer bee stings the plant but does no damage.
Unknown command.
Unknown command.
Something stings the fungus.
The fungus is poisoned.
Something poisons the fungus!
Unknown command.
You slice the killer bee!!
You kill the killer bee!
Your Fighting skill increases to level 9!
You feel sick.
Something stings the plant.
The killer bee stings you.
Something stings the plant but does no damage.
The porcupine bites the fungus!
The fungus is destroyed!
Unknown command.
You miss the killer bee.
The killer bee stings you but does no damage.
You slash the two-headed ogre! You drain the two-headed ogre.
You closely miss the killer bee.
You feel sick. The killer bee barely misses you. x2
You completely miss the two-headed ogre.
You slash the killer bee! The killer bee stings you.
You emit a cloud of foul miasma!
The killer bee is engulfed in dark miasma.
The killer bee is poisoned.
The killer bee seems to slow down.
The killer bee stings you but does no damage.
The two-headed ogre closely misses you.
The two-headed ogre hits you with a cursed -3 giant spiked club!
You miss the killer bee. You slash the two-headed ogre!
You drain the two-headed ogre.
You kill the killer bee!
You barely miss the two-headed ogre.
You feel sick.
You hit the two-headed ogre.
The two-headed ogre hits you with a +0 giant club!!
* * * LOW HITPOINT WARNING * * *
The two-headed ogre hits you with a cursed -1 giant spiked club!!
* * * LOW HITPOINT WARNING * * *
Some of the chunks of flesh in your inventory have rotted away.
Unknown command.
There is an open door here.
Unknown command.
Okay, then.
Unknown command.
You feel sick.
You feel better. The two-headed ogre barely misses you.
The two-headed ogre hits you with a cursed -1 giant spiked club!!
You die...
Your body disappears without a glow.

#.>........
#...........#
#...........#
+...........#
#...........#
#...........#
#...........#
#..)†.......#
#..<)@......+
#..)..O.....#
#######r#####
#†..# #{###
#...yO{...#
#P....{a#.#
...P..P.....
............#


You could see a two-headed ogre and a porcupine.

Vanquished Creatures
  Joseph (D:7)
  A centaur skeleton (D:6)
  A yaktaur (D:8)
  2 trolls
  A hippogriff (D:4)
  5 yaks
  Grum (D:8)
  A hungry ghost (D:9)
  A crocodile (D:8)
  A porcupine (D:9)
  A water moccasin (D:7)
  Duvessa (D:7)
  2 ice beasts
  A necrophage (D:7)
  4 orc warriors
  2 black bears
  3 sky beasts
  6 ogres
  3 wolves (D:8)
  6 bullfrogs
  Dowan (D:7)
  A scorpion (D:6)
  9 killer bees
  A howler monkey (D:8)
  A crimson imp (D:7)
  6 hounds
  4 jellies
  5 orc wizards
  A quasit (D:7)
  2 orc priests
  A bullfrog skeleton (D:8)
  2 iguanas
  5 worker ants
  8 gnolls
  15 adders
  5 river rats (Sewer)
  5 oozes
  An adder zombie (D:5)
  2 adder skeletons
  2 worms
  3 dart slugs
  6 leopard geckos
  17 orcs
  7 giant cockroaches
  4 goblins
  9 hobgoblins
  7 jackals (D:4)
  5 quokkas
  14 ball pythons
  4 bats
  5 frilled lizards
  2 jackal skeletons
  A jackal zombie (D:8)
  7 kobolds
  27 rats
  A plant (D:7)
240 creatures vanquished.

Vanquished Creatures (others)
  10 fungi (D:9)
  3 plants (D:9)
13 creatures vanquished.

Grand Total: 253 creatures vanquished

Notes
Turn   | Place    | Note
-------+----------+-------------------------------------------
     0 | D:1      | LostNumber the Demonspawn Archaeologist began the quest for
                  | the Orb.
     0 | D:1      | Reached XP level 1. HP: 15/15 MP: 1/1
    39 | D:1      | Reached skill level 1 in Maces & Flails
   145 | D:1      | Gained mutation: You are immune to rotting. [demonic
                  | ancestry]
   145 | D:1      | Reached XP level 2. HP: 17/21 MP: 2/2
   475 | D:1      | Reached skill level 1 in Axes
   523 | D:1      | Gained mutation: You may emit foul miasma when damaged in
                  | melee. [demonic ancestry]
   523 | D:1      | Reached XP level 3. HP: 27/27 MP: 3/3
  1875 | D:3      | Reached skill level 2 in Axes
  1875 | D:3      | Reached XP level 4. HP: 7/33 MP: 4/4
  2199 | D:3      | Found a glowing golden altar of the Shining One.
  2463 | D:3      | Reached skill level 1 in Slings
  2606 | D:3      | Gained mutation: You are partially covered in molten
                  | scales. (AC +2) [demonic ancestry]
  2606 | D:3      | Reached XP level 5. HP: 39/39 MP: 5/5
  2606 | D:3      | Identified a scroll of acquirement
  2607 | D:3      | Identified the +9 broad axe of the Witching Bear {drain,
                  | rElec Int+3} (You acquired it on level 3 of the Dungeon)
  2882 | D:4      | Noticed a hippogriff
  2928 | D:3      | Reached skill level 3 in Axes
  3233 | D:3      | Found a burning altar of Makhleb.
  3282 | D:3      | Reached XP level 6. HP: 41/46 MP: 6/6
  3325 | D:4      | Noticed a sky beast
  3394 | D:3      | Killed a sky beast
  3521 | D:4      | Gained mutation: You have a pair of small antennae on your
                  | head. [potion of mutation]
  3521 | D:4      | Gained mutation: Your spells are a little harder to cast,
                  | but a little more powerful. [potion of mutation]
  3521 | D:4      | Gained mutation: You are somewhat resistant to further
                  | mutation. [potion of mutation]
  3530 | D:4      | Killed a hippogriff
  3530 | D:4      | Reached skill level 4 in Axes
  3530 | D:4      | Reached XP level 7. HP: 29/53 MP: 7/7
  4024 | D:5      | Entered Level 5 of the Dungeon
  4196 | D:5      | Found a glowing silver altar of Zin.
  4497 | D:5      | Found a shattered altar of Ashenzari.
  4542 | D:5      | Reached skill level 5 in Axes
  5130 | D:6      | Found a glowing drain.
  5148 | Sewer    | Entered a sewer
  5407 | Sewer    | Mutation became permanent: You have a pair of small
                  | antennae on your head. [demonic ancestry]
  5407 | Sewer    | Gained mutation: You have a pair of small antennae on your
                  | head. [demonic ancestry]
  5407 | Sewer    | Reached XP level 8. HP: 26/61 MP: 8/8
  5412 | Sewer    | Reached skill level 6 in Axes
  5575 | D:6      | Found Unocoy's Armour Shoppe.
  5686 | D:6      | Found a blossoming altar of Fedhas.
  5701 | D:6      | Reached skill level 5 in Fighting
  5983 | D:6      | Reached skill level 7 in Axes
  6556 | D:7      | Reached skill level 8 in Axes
  6570 | D:7      | Gained mutation: You have a pair of antennae on your head.
                  | [demonic ancestry]
  6570 | D:7      | Reached XP level 9. HP: 57/70 MP: 9/9
  6597 | D:7      | Found a shimmering blue altar of Sif Muna.
  6633 | D:7      | Noticed a troll
  6641 | D:7      | Killed a troll
  6716 | D:7      | Noticed Joseph
  6739 | D:7      | Killed Joseph
  6739 | D:7      | Reached skill level 9 in Axes
  6902 | D:7      | Noticed Duvessa
  6903 | D:7      | Noticed Dowan
  6914 | D:7      | Killed Duvessa
  6916 | D:7      | Killed Dowan
  7016 | D:7      | Found a staircase to the Ecumenical Temple.
  7067 | Temple   | Entered the Ecumenical Temple
  7110 | Temple   | Became a worshipper of Nemelex Xobeh the Trickster
  7166 | D:7      | Received a gift from Nemelex Xobeh
  7258 | D:7      | Found a basalt altar of Yredelemnul.
  7262 | D:7      | Found a shadowy altar of Dithmenos.
  7262 | D:7      | Found a hazy altar of Hepliaklqana.
  7354 | D:7      | Found a radiant altar of Vehumet.
  7485 | D:8      | Reached skill level 1 in Invocations
  7573 | D:8      | Reached skill level 10 in Axes
  7588 | D:8      | Noticed Grum
  7636 | D:8      | Gained mutation: Your flesh is cold resistant. (rC+)
                  | [demonic ancestry]
  7636 | D:8      | Reached XP level 10. HP: 80/80 MP: 11/11
  7647 | D:8      | Killed Grum
  7844 | D:8      | Noticed Erica
  7851 | D:8      | Noticed Erica
  7851 | D:8      | Erica changed into Erica the yaktaur
  7866 | D:8      | Killed Erica the yaktaur
  8029 | D:8      | Reached * piety under Nemelex Xobeh
  8160 | D:8      | Reached skill level 11 in Axes
  8161 | D:8      | Found an opulent altar of Gozag.
  8272 | D:8      | Reached skill level 5 in Invocations
  8478 | D:9      | Noticed a two-headed ogre
  8478 | D:9      | Noticed a two-headed ogre
  8497 | D:9      | Slain by a two-headed ogre

Skill      XL: |  1  2  3  4  5  6  7  8  9 10 |
---------------+-------------------------------+-----
Maces & Flails | 1 |  1.2
Dodging        | 3 |  3.4
Axes           | 1 2 3 4 5 8 10 11 | 11.3
Fighting       | 2 3 4 6 7 9 |  9.0
Slings         | 1 2 3 |  3.0
Invocations    | 1 5 |  5.6
Stealth        | |  3.0

Action                   |  1- 3 |  4- 6 |  7- 9 | 10-12 || total
-------------------------+-------+-------+-------+-------++-------
Melee: Whip              |   154 |       |       |       ||   154
       Hand axe          |     9 |       |       |       ||     9
       Broad axe         |       |       |   222 |    99 ||   321
 Fire: Hunting sling     |    65 |   198 |    40 |       ||   303
 Abil: Draw Destruction  |       |       |       |     4 ||     4
  Use: Scroll            |     3 |     2 |     2 |       ||     7
       Potion            |     1 |     1 |       |     1 ||     3
 Stab: Sleeping          |     1 |       |       |       ||     1
  Eat: Chunk             |     9 |    11 |    22 |     7 ||    49
Armor: Robe              |     7 |       |       |       ||     7
       Ring mail         |    64 |    70 |   146 |    48 ||   328
Dodge: Dodged            |   109 |    70 |   167 |    65 ||   411
       Deflected         |       |       |     1 |       ||     1
